 Dungeon Crawl Stone Soup version 0.20-a0-959-gdc9e609 (webtiles) character file.

11680 Hybris the Summoner (level 11, -8/56 (57) HPs)
             Began as a Deep Elf Summoner on Apr 6, 2017.
             Was a High Priest of Sif Muna.
             Killed from afar by Frances (23 damage)
             ... with an iron shot
             ... on level 13 of the Dungeon.
             The game lasted 01:09:02 (20281 turns).

Hybris the Summoner (Deep Elf Summoner)            Turns: 20281, Time: 01:09:02

HP:   -8/56 (57)    AC: 14    Str:  5    XL:     11   Next: 52%
MP:   9/26          EV: 10    Int: 24    God:    Sif Muna [*****.]
Gold: 284           SH:  0    Dex: 15    Spells: 11/28 levels left

rFire    . . .     SeeInvis .   t - +3 dagger (drain)
rCold    . . .     Gourm    .   (no shield)
rNeg     . . .     Faith    .   K - +1 ring mail {rPois}
rPois    +         Spirit   .   u - +1 hat
rElec    .         Reflect  .   y - +0 cloak
rCorr    .         Harm     .   i - +0 pair of gloves
MR       +....                  (no boots)
Stlth    +.........             (no amulet)
Regen    0.2/turn               f - ring of poison resistance
MPRegen  0.2/turn               d - +3 ring of protection

@: no status effects
A: no striking features
a: Divine Energy, Channel Magic, Forget Spell, Renounce Religion


You were on level 13 of the Dungeon.
You worshipped Sif Muna.
Sif Muna was extremely pleased with you.
You were hungry.

You visited 1 branch of the dungeon, and saw 13 of its levels.

You collected 860 gold pieces.
You spent 576 gold pieces at shops.

Inventory:

Hand Weapons
 t - a +3 dagger of draining (weapon)
Armour
 i - a +0 pair of gloves (worn)
 u - a +1 hat (worn)
 y - a +0 cloak (worn)
 K - a +1 ring mail of poison resistance (worn)
Jewellery
 d - a +3 ring of protection (right hand)
 f - a ring of poison resistance (left hand)
Wands
 g - a wand of polymorph (13/24)
 j - a wand of flame (17/48)
 w - a wand of flame (14/48)
 z - a wand of flame (34/48)
 I - a wand of digging (14/24)
 J - a wand of scattershot (5/9)
 N - a wand of paralysis (8/24)
 P - a wand of confusion (17/48)
 Q - a wand of scattershot (4/9)
 U - a wand of paralysis (15/24)
Scrolls
 e - 8 scrolls of teleportation
 p - 6 scrolls of identify
 x - 3 scrolls of enchant weapon
 C - 6 scrolls of blinking
 F - 3 scrolls of remove curse
 G - 3 scrolls of recharging
 L - 2 scrolls of magic mapping
 M - a scroll of amnesia
 S - 2 scrolls of fear
Potions
 a - a potion of agility
 h - a potion of flight {unknown}
 m - 2 potions of might
 n - 2 potions of ambrosia {unknown}
 o - a potion of cancellation {unknown}
 q - 2 potions of haste {unknown}
 r - a potion of invisibility {unknown}
 s - 3 potions of brilliance
 v - 2 potions of curing
 A - 3 potions of mutation {unknown}
 D - a potion of magic {unknown}
Books
 b - a book of Callings

   Spells                             Type                      Level
   a - Summon Small Mammal            Summoning                    1
   b - Call Imp                       Summoning                    2
   c - Call Canine Familiar           Summoning                    3
   d - Summon Guardian Golem          Hexes/Summoning              3
   e - Summon Lightning Spire         Summoning/Air                4
   f - Summon Ice Beast               Ice/Summoning                4
 k - Unamm's Collected Works on Conjuration
   (Sif Muna gifted it to you on level 13 of the Dungeon)

   Spells                             Type                      Level
   a - Shock                          Conjuration/Air              1
   b - Iskenderun's Battlesphere      Conjuration/Charms           5
   c - Bolt of Draining               Conjuration/Necromancy       5
   d - Spellforged Servitor           Conjuration/Summoning        7
   e - Chain Lightning                Conjuration/Air              8
 H - a book of Maledictions

   Spells                             Type                      Level
   a - Corona                         Hexes                        1
   b - Ensorcelled Hibernation        Hexes/Ice                    2
   c - Confuse                        Hexes                        3
   d - Tukima's Dance                 Hexes                        3
   e - Dazzling Spray                 Conjuration/Hexes            3
Miscellaneous
 O - a lightning rod (4/4)
Comestibles
 c - 7 bread rations
 l - 5 meat rations
 B - 7 fruits
 E - 7 royal jellies
 R - 7 chunks of flesh


   Skills:
 + Level 2.2 Fighting
 - Level 6.3 Short Blades
 - Level 7.6 Armour
 - Level 2.8 Dodging
 - Level 2.4 Stealth
 + Level 9.1 Spellcasting
 - Level 12.6 Summonings
 + Level 3.1 Ice Magic
 + Level 5.3 Air Magic


You had 11 spell levels left.
You knew the following spells:

 Your Spells              Type           Power        Failure   Level  Hunger
a - Summon Small Mammal   Summ           ####         1%          1    None
b - Call Imp              Summ           ######..     1%          2    None
c - Call Canine Familiar  Summ           ######..     1%          3    None
d - Summon Guardian Gole  Hex/Summ       #####...     6%          3    None
e - Summon Lightning Spi  Summ/Air       ######..     8%          4    ##.....
f - Summon Ice Beast      Ice/Summ       #####...     10%         4    ##.....


Dungeon Overview and Level Annotations

Branches:
Dungeon (13/15)            Temple (0/1) D:6            Lair (0/6) D:11
    Orc (0/2) D:11
 Vaults: D:13-14

Altars:
Dithmenos
Elyvilon
Nemelex Xobeh
Okawaru
Qazlal
Ru
Sif Muna
Uskayaw
Vehumet
Xom
Zin

Shops:
D:8 =   D:11 [   D:12 ?

Annotations:
D:13 Frances


Message History

Your ice beast hits Frances.
Your ice beast freezes Frances!
Your lightning spire shoots out a bolt of lightning at Frances!
The bolt of electricity hits Frances. x2
As you open the door, it creaks loudly!
Frances hits your lightning spire with a glaive.
Something hits your ice beast!
Your ice beast dies!
Frances mutters in a terrible tongue.
Frances screams a word of power!
Send 'em back where they came from!
Your lightning spire disappears in a puff of smoke!
Your ice beast disappears in a puff of smoke!
There is an open door here.
Things that are here:
a great mace of holy wrath; a leather armour Frances chants phrases taken from a devil's mouth.
The iron shot hits you!
* * * LOW HITPOINT WARNING * * *
Frances whispers indecipherable words.
The iron shot hits you!
You die...

................#..#....#
................#..#....#.▓)▓.#.#
.######'##......#..#...<#.▓▓▓.#.#
.........44÷....#..#....#.#...#.#
...[.....#......#..#....#.# ▓▓▓.#
.........#..)@..#..#....#.# )▓.#
.......4.#......#..#....#.# ▓.#
#)...##.@#......#'##....#.# #.#
#....##..###....@.......#.#####.#
...^....§..+............'...@F...
........4..#............######'#.
####.####4.#....[...........#..#.
#.####..#....########....'..#.
#...Y...#....# #....#..##
+..4Y...#....# #....#..#
###@#####....# #....##### #.#
#........#


You could see Frances, an ice devil and a chaos spawn.

Vanquished Creatures
  A two-headed ogre (D:8)
  An ugly thing (D:12)
  A hippogriff (D:11)
  3 yaks
  Grum (D:8)
  4 hogs
  A vampire mosquito (D:11)
  A human (D:7)
  An orc warrior (D:12)
  A black bear (D:8)
  An ogre (D:5)
  A necrophage (D:12)
  A wolf (D:7)
  A centaur (D:11)
  3 bullfrogs
  3 scorpions
  An electric eel (D:11)
  2 howler monkeys (D:12)
  4 crimson imps
  2 bullfrog zombies
  2 hounds
  A quasit (D:11)
  A bullfrog skeleton (D:13)
  2 orc priests
  2 centaur skeletons
  3 iguanas
  2 orc wizards
  6 worker ants
  2 killer bee zombies
  2 hound skeletons
  A worker ant zombie (D:11)
  5 adders
  A howler monkey skeleton (D:7)
  An ooze (D:4)
  2 dart slugs (D:2)
  3 leopard geckos
  13 orcs
  3 giant cockroaches
  2 jackals
  6 kobolds
  3 quokkas
  5 bats
  2 frilled lizards
  4 goblins
  4 rats
112 creatures vanquished.

Vanquished Creatures (collateral kills)
  Rupert (D:13)
  Kirke (D:13)
  2 two-headed ogres
  Sonja (D:12)
  An ugly thing (D:10)
  A cyclops (D:11)
  Joseph (D:6)
  2 gargoyles
  A kobold demonologist (D:12)
  A harpy zombie (D:13)
  3 trolls
  Grinder (D:3)
  A hippogriff (D:9)
  Sigmund (D:2)
  A shadow (D:12)
  2 wraiths
  2 wyverns
  8 yaks
  3 hogs
  A vampire mosquito (D:11)
  A water moccasin (D:10)
  5 orc warriors
  2 ice beasts
  2 phantoms
  A sky beast (D:6)
  2 eyes of draining
  5 ogres
  10 centaurs
  2 wolves (D:8)
  A crocodile (D:10)
  4 bullfrogs
  A gnoll sergeant (D:9)
  3 scorpions
  6 killer bees
  4 wights (D:6)
  4 howler monkeys
  7 electric eels (D:11)
  The ghost of herpmino the Slasher, a weakling GrGl (D:3)
  7 crimson imps
  A centaur zombie (D:8)
  2 bullfrog zombies
  Crazy Yiuf (D:7)
  3 jellies
  2 hounds
  3 orc priests
  A bullfrog skeleton (D:4)
  An iguana (D:8)
  Jessica (D:2)
  3 worker ants
  5 orc wizards
  7 adders
  18 gnolls
  A howler monkey zombie (D:11)
  A shadow imp (D:11)
  2 adder zombies
  2 adder skeletons
  5 worms
  A leopard gecko (D:6)
  28 orcs
  A ball python (D:3)
  4 giant cockroaches
  5 hobgoblins
  7 jackals
  5 kobolds
  3 bats
  2 frilled lizards
  3 goblins
  A jackal zombie (D:1)
  2 rats
224 creatures vanquished.

Grand Total: 336 creatures vanquished

Notes
Turn   | Place    | Note
-------+----------+-------------------------------------------
     0 | D:1      | Hybris the Deep Elf Summoner began the quest for the Orb.
     0 | D:1      | Reached XP level 1. HP: 10/10 MP: 6/6
   532 | D:1      | Reached XP level 2. HP: 5/15 MP: 8/8
   723 | D:1      | Learned a level 2 spell: Call Imp
  1288 | D:2      | Reached skill level 1 in Armour
  1307 | D:2      | Noticed Jessica
  1325 | D:2      | Killed Jessica
  1325 | D:2      | Reached XP level 3. HP: 4/19 MP: 3/9
  1635 | D:2      | Learned a level 3 spell: Call Canine Familiar
  1727 | D:2      | Noticed Sigmund
  1755 | D:2      | Killed Sigmund
  1755 | D:2      | Reached XP level 4. HP: 10/24 MP: 0/10
  2229 | D:2      | Found a glowing silver altar of Zin.
  2424 | D:2      | Reached XP level 5. HP: 5/28 MP: 4/11
  2684 | D:2      | Learned a level 3 spell: Summon Guardian Golem
  3489 | D:3      | Noticed Grinder
  3493 | D:3      | Noticed herpmino's ghost (weakling GrGl)
  3518 | D:3      | Killed herpmino's ghost
  3573 | D:3      | Killed Grinder
  3573 | D:3      | Reached XP level 6. HP: 20/32 MP: 1/12
  4234 | D:3      | Reached skill level 5 in Summonings
  4312 | D:3      | Found a stormy altar of Qazlal.
  4721 | D:4      | Reached skill level 6 in Summonings
  5152 | D:4      | Found a hide-covered altar of Uskayaw.
  5156 | D:4      | Found a sacrificial altar of Ru.
  5162 | D:4      | Found a radiant altar of Vehumet.
  5165 | D:4      | Found an iron altar of Okawaru.
  5184 | D:4      | Found a deep blue altar of Sif Muna.
  5192 | D:4      | Became a worshipper of Sif Muna the Loreminder
  5312 | D:3      | Reached XP level 7. HP: 17/36 MP: 7/13
  5516 | D:4      | Reached skill level 1 in Short Blades
  5810 | D:5      | Entered Level 5 of the Dungeon
  6106 | D:5      | Reached skill level 7 in Summonings
  7517 | D:5      | Reached XP level 8. HP: 14/41 MP: 14/14
  7727 | D:5      | Learned a level 4 spell: Summon Lightning Spire
  7904 | D:6      | Reached skill level 8 in Summonings
  7954 | D:6      | Reached * piety under Sif Muna
  8123 | D:6      | Found a staircase to the Ecumenical Temple.
  8628 | D:6      | Found a white marble altar of Elyvilon.
  9087 | D:6      | Reached skill level 9 in Summonings
  9430 | D:7      | Noticed Joseph
  9940 | D:6      | Killed Joseph
  9940 | D:6      | Reached skill level 5 in Short Blades
 10039 | D:6      | HP: 1/41 [killer bee (6)]
 10048 | D:6      | Reached ** piety under Sif Muna
 10050 | D:6      | Reached skill level 10 in Summonings
 10497 | D:6      | Reached XP level 9. HP: 45/45 MP: 15/15
 10809 | D:7      | Found a shadowy altar of Dithmenos.
 10860 | D:7      | Found a runed door.
 11134 | D:7      | Reached skill level 11 in Summonings
 11664 | D:7      | Noticed Crazy Yiuf
 11679 | D:7      | Killed Crazy Yiuf
 11788 | D:8      | Noticed Grum
 12253 | D:8      | Found Femith's Jewellery Shop.
 12261 | D:8      | Bought a +3 ring of protection for 336 gold pieces
 12292 | D:8      | Noticed a two-headed ogre
 12304 | D:8      | Killed a two-headed ogre
 12304 | D:8      | Reached *** piety under Sif Muna
 12343 | D:8      | Killed Grum
 12709 | D:8      | Noticed a troll
 12711 | D:8      | Killed a troll
 13233 | D:9      | Reached XP level 10. HP: 50/50 MP: 3/19
 13416 | D:9      | Found a sparkling altar of Nemelex Xobeh.
 13569 | D:10     | Entered Level 10 of the Dungeon
 13642 | D:10     | Reached skill level 5 in Spellcasting
 13748 | D:10     | Reached skill level 5 in Armour
 14051 | D:10     | Reached skill level 12 in Summonings
 14319 | D:10     | Noticed a purple ugly thing
 14339 | D:10     | Killed a purple ugly thing
 14339 | D:10     | Reached **** piety under Sif Muna
 14460 | D:10     | Noticed a two-headed ogre
 14469 | D:10     | Killed a two-headed ogre
 15613 | D:11     | Learned a level 4 spell: Summon Ice Beast
 15694 | D:11     | Found a staircase to the Lair.
 15833 | D:11     | HP: 1/50 [electric eel/bolt of electricity (9)]
 16056 | D:11     | Noticed a two-headed ogre
 16063 | D:11     | Killed a two-headed ogre
 16081 | D:11     | Found a shimmering altar of Xom.
 16083 | D:11     | Found a shimmering altar of Xom.
 16084 | D:11     | Found a shimmering altar of Xom.
 16097 | D:11     | Noticed a cyclops
 16271 | D:11     | Killed a cyclops
 17730 | D:11     | Found Nomom's Armour Boutique.
 17732 | D:11     | Found a staircase to the Orcish Mines.
 17935 | D:12     | Noticed a gargoyle
 17962 | D:12     | Killed a gargoyle
 18538 | D:12     | Found Pinubub's Magic Scroll Shop.
 18549 | D:12     | Reached XP level 11. HP: 54/54 MP: 14/25
 18570 | D:12     | Bought a scroll of blinking for 90 gold pieces
 18570 | D:12     | Bought a scroll of identify for 24 gold pieces
 18570 | D:12     | Bought a scroll of blinking for 90 gold pieces
 18570 | D:12     | Bought a scroll of teleportation for 36 gold pieces
 18845 | D:12     | Noticed Sonja
 18847 | D:12     | Killed Sonja
 19400 | D:13     | Noticed Kirke
 19491 | D:12     | Noticed a purple ugly thing
 19513 | D:12     | Killed a purple ugly thing
 19541 | D:13     | Reached skill level 1 in Ice Magic
 19620 | D:13     | Reached skill level 1 in Fighting
 19654 | D:13     | Noticed a sphinx
 19665 | D:13     | Noticed a sphinx
 19943 | D:13     | Noticed a lindwurm
 19953 | D:13     | Killed Kirke
 19953 | D:13     | Reached ***** piety under Sif Muna
 20096 | D:13     | Received a gift from Sif Muna
 20100 | D:13     | Identified Unamm's Collected Works on Conjuration (Sif Muna gifted it to you on level 13 of the Dungeon)
 20100 | D:13     | Reached skill level 5 in Air Magic
 20161 | D:13     | Noticed Rupert
 20170 | D:13     | Paralysed by Rupert for 7 turns
 20182 | D:13     | Killed Rupert
 20249 | D:13     | Noticed Frances
 20281 | D:13     | Killed from afar by Frances

Vault maps used:
D:1:      saegor_arrival_fortress
D:2:      lemuel_crystal_altar, uniq_sigmund, uniq_jessica
D:3:      lemuel_doored_altar, minmay_misc_feat_more_columns, uniq_grinder
D:4:      minmay_overflow_temple_star_hex, minmay_misc_feat_nine_boxes,
          st_stairs_7, grunt_ministairs_3, minivault_24
D:5:      first_bread
D:6:      kennysheep_little_box, minmay_temple_entry_fiery, serial_glass,
          glass_columns_b, glass_columns_b
D:7:      grunt_dithmenos_smoke, abandoned_shop, hangedman_decor_points,
          grunt_livestock, uniq_crazy_yiuf_cottage, uniq_joseph
D:8:      serial_shops, shop_statue, roderic_roman_lattice, wad_floor_pattern_1,
          minivault_22, uniq_grum
D:9:      kennysheep_mini
D:11:     lair_entry_dummy, orc_david_3, xom_redecorated
D:12:     serial_shops, nicolae_shop_temple_entry_statues_fountains, uniq_sonja
D:13:     enter_bailey_8, uniq_frances, uniq_rupert, uniq_kirke

Skill      XL: |  1  2  3  4  5  6  7  8  9 10 11 |
---------------+----------------------------------+-----
Armour         | 1 3 4 6 7 |  7.6
Summonings     | 6 7 10 11 12 | 12.6
Short Blades   | 3 5 6 |  6.3
Air Magic      | 4 5 |  5.3
Spellcasting   | 4 8 9 |  9.1
Ice Magic      | 3 |  3.1
Fighting       | 2 |  2.2
Dodging        | |  2.8
Stealth        | |  2.4

Action                   |  1- 3 |  4- 6 |  7- 9 | 10-12 || total
-------------------------+-------+-------+-------+-------++-------
Melee: Dagger            |    73 |   219 |   459 |   264 ||  1015
 Cast: Summon Small Mamm |    24 |     3 |    14 |     7 ||    48
       Call Imp          |    14 |    23 |    43 |    15 ||    95
       Call Canine Famil |     2 |    15 |    34 |    11 ||    62
       Summon Lightning  |       |       |    28 |    70 ||    98
       Summon Guardian G |       |       |     9 |    27 ||    36
       Summon Ice Beast  |       |       |       |    37 ||    37
  Use: Scroll            |     2 |     5 |    10 |     4 ||    21
       Potion            |       |     1 |     1 |     6 ||     8
 Stab: Sleeping          |     2 |     4 |     1 |     1 ||     8
       Distracted        |       |       |     7 |     2 ||     9
  Eat: Chunk             |     3 |    13 |    23 |    27 ||    66
       Fruit             |       |       |     3 |     3 ||     6
       Bread ration      |       |       |     2 |       ||     2
       Royal jelly       |       |       |     1 |       ||     1
Armor: Robe              |     6 |       |       |       ||     6
       Leather armour    |    38 |    89 |   183 |    92 ||   402
       Ring mail         |       |       |       |    27 ||    27
Dodge: Dodged            |    72 |   123 |   258 |   148 ||   601
